 Dungeon Crawl Stone Soup version 0.24.0-125-gc4c63601f3 (webtiles) character file.

Game seed: 16515080487580398267, levelgen mode: deterministic

123 Johnny the Poker (level 4, -3/36 HPs)
             Began as a Demigod Gladiator on Feb 17, 2020.
             Killed from afar by an orc wizard (4 damage)
             ... with a magic dart
             ... on level 3 of the Dungeon.
             The game lasted 00:02:24 (2037 turns).

Johnny the Poker (Demigod Gladiator)                Turns: 2037, Time: 00:02:25

Health: -3/36      AC:  5    Str: 19    XL:     4   Next: 51%
Magic:  6/6        EV: 13    Int: 12    God:
Gold:   110        SH:  0    Dex: 17    Spells: 3/3 levels left

rFire    . . .     SeeInvis .   a - +0 trident
rCold    . . .     Gourm    .   (no shield)
rNeg     . . .     Faith    .   b - +0 leather armour
rPois    .         Spirit   .   c - +0 helmet
rElec    .         Reflect  .   (no cloak)
rCorr    .         Harm     .   (no gloves)
MR       .....                  j - +0 pair of boots
Stlth    +.........             (no amulet)
HPRegen  0.12/turn              o - ring of flight
MPRegen  0.10/turn              (no ring)

@: lethally poisoned (-3 -> -11), very slightly contaminated, slowed, invisible,
very slow
A: high mp 1
a: Evoke Flight


You were on level 3 of the Dungeon.
You were hungry.

You visited 1 branch of the dungeon, and saw 3 of its levels.

You collected 110 gold pieces.

Inventory:

Hand Weapons
 a - a +0 trident (weapon)
Missiles
 d - 3 throwing nets (quivered)
Armour
 b - a +0 leather armour (worn)
 c - a +0 helmet (worn)
 j - a +0 pair of boots (worn)
Jewellery
 o - a ring of flight (left hand)
Scrolls
 e - a scroll of magic mapping {unknown}
 g - 2 scrolls of immolation {unknown}
 h - 5 scrolls of identify {unknown}
 k - 2 scrolls of teleportation {unknown}
 l - a scroll of remove curse {unknown}
 n - 2 scrolls of enchant weapon {unknown}
 p - 2 scrolls of enchant armour {unknown}
Comestibles
 f - 4 rations


   Skills:
 - Level 1.7 Fighting
 + Level 5.1 Polearms
 - Level 1.7 Throwing
 - Level 2.6 Dodging


You had 3 spell levels left.
You didn't know any spells.
Your spell library was empty.

Dungeon Overview and Level Annotations

Branches:
Dungeon (3/15)


Innate Abilities, Weirdness & Mutations

You have an increased reservoir of magic. (+10% MP)


Message History

* * * LOW HITPOINT WARNING * * *
You feel sick.
The orc wizard is no longer moving quickly.
The orc wizard barely misses you. The orc wizard closely misses you.
Unknown command.
It was a potion of invisibility.
You fade into invisibility!
* * * LOW HITPOINT WARNING * * *
You feel sick. The orc wizard closely misses you.
The orc wizard gestures at you while chanting.
The magic dart hits you.
* * * LOW HITPOINT WARNING * * *
You are very lightly contaminated with residual magic.
You closely miss the orc wizard.
The orc wizard is lightly wounded.
* * * LOW HITPOINT WARNING * * *
You feel sick.
The orc wizard gestures at you while chanting.
The magic dart hits you.
You die...

.#.≈≈≈
≈≈≈≈≈≈.≈......###
...≈≈≈
≈≈≈≈≈≈≈≈##.####
...≈≈.
.≈....≈.#..#
..≈...
.....≈≈≈#.##
......
#########.#
......## #)#
.......### #)#
......o.o### #.#
.....#.o...# #@#
#...
####o.#####o####
#=. #.#oo.......#
#. #...........#
. ###.........#
#.........#
#.........#
#.........#
###########


You could see an orc wizard.

Vanquished Creatures
  4 adders
  An ooze (D:2)
  2 worms (D:2)
  A dart slug (D:2)
  A leopard gecko (D:2)
  8 orcs (D:3)
  A ball python (D:1)
  2 giant cockroaches
  3 goblins
  8 hobgoblins
  11 jackals
  A quokka (D:2)
  8 bats
  4 frilled lizards
  4 kobolds
  A quokka skeleton (D:3)
  3 rats (D:1)
63 creatures vanquished.

Notes
Turn   | Place    | Note
-------+----------+-------------------------------------------
     0 | D:1      | Johnny the Demigod Gladiator began the quest for the Orb.
     0 | D:1      | Reached XP level 1. HP: 17/17 MP: 3/3
   104 | D:1      | Reached skill level 3 in Polearms
   276 | D:1      | Reached XP level 2. HP: 24/24 MP: 4/4
   742 | D:2      | Found a shimmering blue altar of Sif Muna.
   806 | D:2      | Reached XP level 3. HP: 17/29 MP: 5/5
  1068 | D:2      | Reached skill level 4 in Polearms
  1620 | D:2      | Found a shadowy altar of Dithmenos.
  1657 | D:2      | Reached XP level 4. HP: 30/36 MP: 6/6
  1917 | D:3      | Found a faded altar of an unknown god.
  1973 | D:3      | Reached skill level 5 in Polearms
  2037 | D:3      | HP: 1/36 [poisoned by an orc wizard]
  2037 | D:3      | Killed from afar by an orc wizard

Levels and vault maps discovered:
D:1:      kennysheep_arrival_seaside, layout_loops_cross
D:2:      layout_rooms, nicolae_dithmenos_through_a_glass_darkly, first_ration,
          minmay_misc_feat_chi, led_sif_pool
D:3:      layout_rooms, chequers_ecumenical_altar_island

Skill      XL: |  1  2  3  4 |
---------------+-------------+-----
Polearms       | 3 4 5 |  5.1
Fighting       | |  1.7
Throwing       | |  1.7
Dodging        | |  2.6

Action                   |  1- 3 |  4- 6 || total
-------------------------+-------+-------++-------
Melee: Trident           |   169 |    65 ||   234
  Use: Potion            |       |     2 ||     2
 Stab: Sleeping          |     5 |     1 ||     6
  Eat: Chunk             |     2 |     1 ||     3
Armor: Leather armour    |    50 |    14 ||    64
Dodge: Dodged            |   116 |    39 ||   155
